[Event "Titled Tuesday Blitz August 08 Early 2023"]
[White "Golubev, Mikhail"]
[Black "Topalov, Aleksandar"]
[WhiteFideId "14100983"]
[BlackFideId "925659"]
[WhiteElo "2655"]
[BlackElo "2341"]
[Result "1-0"]
[Round "1"]
[TimeControl "180+1"]
[Date "2023.08.08"]
[WhiteClock "0:00:12"]
[BlackClock "0:00:00"]
[Board "160"]

1. e4 e6 2. d4 d5 3. Nc3 Bb4 4. e5 Qd7 5. a3 Bxc3+ 6. bxc3 b6 7. Qg4 f5 8. Qg3 Qf7 9. a4 Ba6 10. Bb5+ Bxb5 11. axb5 c6 12. c4 dxc4 13. Ne2 Qf8 14. O-O Ne7 15. Ba3 Qf7 16. Bxe7 Qxe7 17. Nf4 O-O 18. Rfe1 Rd8 19. Qf3 Qd7 20. h4 a5 21. Rad1 a4 22. bxc6 Nxc6 23. d5 exd5 24. Nxd5 Qe6 25. Nc7 Nxe5 26. Qxa8 Rxa8 27. Nxe6 Nc6 28. Rd6 Rc8 29. Nd4 Nxd4 30. Rxd4 b5 31. Rb1 Rc5 32. c3 Kf7 33. Rd2 1-0


[Site "https://www.chess.com"]

[Event "Titled Tuesday Blitz August 08 Early 2023"]
[White "Peatman, Carter"]
[Black "Sokolovsky, Yahli"]
[WhiteFideId "2096480"]
[BlackFideId "2820242"]
[WhiteElo "2341"]
[BlackElo "2652"]
[Result "0-1"]
[Round "1"]
[TimeControl "180+1"]
[Date "2023.08.08"]
[WhiteClock "0:00:10"]
[BlackClock "0:00:12"]
[Board "161"]

1. d4 d6 2. e4 g6 3. Nc3 Nf6 4. f4 Bg7 5. Bd3 c5 6. Nf3 Bg4 7. dxc5 dxc5 8. e5 Nfd7 9. Be3 Nc6 10. h3 Bxf3 11. Qxf3 Nd4 12. Qxb7 O-O 13. O-O Nb6 14. Rad1 Rb8 15. Qxa7 Nd5 16. Bxd4 cxd4 17. Qxd4 Nxc3 18. bxc3 Qa5 19. a4 Rfd8 20. Qe4 Qxc3 21. Rf3 Rd4 22. Qe2 Rxa4 23. Re1 e6 24. Kh1 Qc5 25. g4 Ra5 26. Ref1 Rba8 27. Re1 Ra1 28. Rff1 Rxe1 29. Rxe1 Ra4 30. Rf1 h6 31. Qf3 Qd4 32. Kg2 Ra7 33. Kg3 g5 34. Kg2 gxf4 35. Qxf4 Qxf4 36. Rxf4 Bxe5 37. Re4 Bf6 38. Rf4 Kg7 39. Rf1 Rb7 40. Re1 Rb6 41. Re2 Bg5 42. Re1 Kf6 43. Rf1+ Ke7 44. Re1 Rb4 45. Re4 Rb1 46. Ra4 Be3 47. Re4 Bc5 48. Rc4 Kd6 49. Rf4 Ke7 50. Re4 Rg1+ 51. Kh2 Rd1 52. Rf4 Bd6 53. Kg3 Bxf4+ 54. Kxf4 Kf6 55. Kg3 Re1 56. Kf2 Re5 57. Kg3 Re3+ 58. Kg2 Kg5 59. Bh7 f6 60. Bg8 Kh4 61. Bf7 e5 62. Be6 Re2+ 63. Kf3 Rxc2 64. Ke4 Kg5 65. h4+ Kxh4 66. Kf5 Rf2+ 67. Kg6 Rf4 68. Bf5 e4 69. Kxf6 e3 70. Ke5 Rxf5+ 71. gxf5 e2 72. f6 e1=Q+ 73. Kf5 Qf2+ 74. Kg6 h5 75. f7 Kg4 76. Kg7 h4 77. f8=Q Qxf8+ 78. Kxf8 h3 79. Kg7 h2 80. Kh6 h1=Q+ 81. Kg6 Qc6+ 0-1


[Site "https://www.chess.com"]

[Event "Titled Tuesday Blitz August 08 Early 2023"]
[White "Sagita, Catur Adi"]
[Black "Carre, Sylvain"]
[WhiteFideId "7104618"]
[BlackFideId "642118"]
[WhiteElo "2649"]
[BlackElo "2340"]
[Result "1-0"]
[Round "1"]
[TimeControl "180+1"]
[Date "2023.08.08"]
[WhiteClock "0:01:36"]
[BlackClock "0:00:22"]
[Board "162"]

1. e4 e5 2. Nf3 Nf6 3. d4 Nxe4 4. Bd3 d5 5. dxe5 Nc5 6. O-O Nxd3 7. cxd3 Be7 8. d4 O-O 9. h3 c5 10. dxc5 Bxc5 11. Nc3 Be6 12. Ng5 Nc6 13. Qh5 h6 14. Nf3 Qe7 15. Bf4 Rad8 16. Rad1 a6 17. Bg3 Qc7 18. Ne2 d4 19. Nf4 Bxa2 20. e6 fxe6 21. Nxe6 Qe7 22. Nxd8 Rxd8 23. Rfe1 Qf7 24. Qxc5 1-0


[Site "https://www.chess.com"]

[Event "Titled Tuesday Blitz August 08 Early 2023"]
[White "Maung, Maung Kyaw Zaw Hein"]
[Black "Gamayev, Oleg"]
[WhiteFideId "13001698"]
[BlackFideId "2802813"]
[WhiteElo "2335"]
[BlackElo "2646"]
[Result "1/2-1/2"]
[Round "1"]
[TimeControl "180+1"]
[Date "2023.08.08"]
[WhiteClock "0:00:30"]
[BlackClock "0:00:56"]
[Board "163"]

1. Nf3 d6 2. d4 Nf6 3. c4 Nbd7 4. Nc3 e5 5. e4 c6 6. Be2 Be7 7. O-O O-O 8. d5 c5 9. Ne1 Ne8 10. Bg4 Bg5 11. Nd3 Bxc1 12. Qxc1 b6 13. a3 Qh4 14. Bh3 g6 15. b4 Ng7 16. Rb1 f5 17. f3 Nf6 18. Qe1 Qg5 19. Qc1 Qxc1 20. Rfxc1 fxe4 21. fxe4 Bxh3 22. gxh3 cxb4 23. axb4 Rfc8 24. c5 bxc5 25. bxc5 dxc5 26. Nxe5 Re8 27. Ng4 Nd7 28. Re1 h5 29. Nf2 Ne5 30. Kg2 Reb8 31. Rxb8+ Rxb8 32. Rb1 Rxb1 33. Nxb1 Ne8 34. Nd2 Nd6 35. Nf3 Ndf7 36. Nd1 a5 37. Nc3 Kg7 38. Kf2 Nxf3 39. Kxf3 Kf6 40. Ke3 Ke5 41. Kd3 Nd6 42. Ke3 a4 43. Nxa4 Nxe4 44. Nb6 Nf6 45. Kd3 Nxd5 46. Nd7+ Kd6 47. Nf8 Ne7 48. Ke4 g5 49. Nh7 g4 50. hxg4 hxg4 51. Nf6 Nc6 52. Nxg4 c4 53. Ne3 Kc5 54. h4 c3 55. h5 Nd8 56. Kf5 Kd4 57. Nc2+ Kd3 58. Na3 Nf7 59. Kg6 Ne5+ 60. Kf5 Nf7 61. Kf6 Nh6 62. Kg6 Ng4 63. Kg5 Ne5 64. Kf5 Nf7 1/2-1/2


[Site "https://www.chess.com"]

[Event "Titled Tuesday Blitz August 08 Early 2023"]
[White "Ovchinnikov, Vsevolod"]
[Black "Lesbekova, Assel"]
[WhiteFideId "24176842"]
[BlackFideId "13713248"]
[WhiteElo "2646"]
[BlackElo "2335"]
[Result "1-0"]
[Round "1"]
[TimeControl "180+1"]
[Date "2023.08.08"]
[WhiteClock "0:00:13"]
[BlackClock "0:00:08"]
[Board "164"]

1. d4 d5 2. c4 e6 3. Nf3 a6 4. Nbd2 Nf6 5. g3 dxc4 6. Nxc4 b5 7. Nce5 Bb7 8. Bg2 Nbd7 9. Nd3 c5 10. O-O cxd4 11. Nxd4 Bxg2 12. Kxg2 Nc5 13. Ne5 Qd5+ 14. Ndf3 O-O-O 15. Qxd5 Rxd5 16. Nxf7 Rg8 17. Bf4 h6 18. Rac1 g5 19. Be3 Kb7 20. h3 Ncd7 21. Nd8+ Kb8 22. Nxe6 Bd6 23. Rfd1 Re8 24. Ned4 Kb7 25. Nb3 Nb6 26. Na5+ Ka7 27. Nd4 Rxe3 28. fxe3 Ka8 29. Ndc6 Na4 30. b3 Nb6 31. g4 Rxd1 32. Rxd1 Nbd5 33. Kf3 Bc7 34. a3 Bb6 35. Rd3 Bc7 36. b4 Bb6 37. e4 Nf4 38. Rd6 Ne8 39. Rxh6 Bxa5 40. Nxa5 Ng7 41. Nc6 Nge6 42. e3 1-0


[Site "https://www.chess.com"]

[Event "Titled Tuesday Blitz August 08 Early 2023"]
[White "Lopez Gracia, Fernando"]
[Black "Yaran, Siar"]
[WhiteFideId "2207184"]
[BlackFideId "6323006"]
[WhiteElo "2334"]
[BlackElo "2644"]
[Result "0-1"]
[Round "1"]
[TimeControl "180+1"]
[Date "2023.08.08"]
[WhiteClock "0:00:39"]
[BlackClock "0:00:25"]
[Board "165"]

1. e4 e6 2. d4 d5 3. e5 c5 4. c3 Bd7 5. Nf3 Qb6 6. Be2 Bb5 7. dxc5 Bxc5 8. b4 Bxf2+ 9. Kf1 a6 10. Bxb5+ axb5 11. Qe2 Bc5 12. bxc5 Qxc5 13. Be3 Qc4 14. Nbd2 Qa4 15. Kf2 Nc6 16. Rhb1 Nge7 17. Qxb5 Qc2 18. Nd4 Qg6 19. N2f3 O-O 20. Qe2 Rfb8 21. Kg1 h6 22. Qc2 Qg4 23. h3 Qg3 24. Bf2 Qf4 25. g3 Qe4 26. Qxe4 dxe4 27. Nd2 Nxe5 28. Nxe4 Nd5 29. Rb3 Ra4 30. Kg2 b6 31. Nd2 Rba8 32. a3 Rc8 33. N2f3 Nd3 34. Rd1 Nc5 35. Rb2 Nxc3 36. Rc1 Nd3 37. Rbc2 Nxc1 38. Rxc1 Raa8 39. Ne5 Nd5 40. Rb1 Rxa3 41. Rxb6 Nxb6 42. Nb5 Ra2 43. Kf3 Nd5 44. Nd6 Rc3+ 45. Kg2 f6 46. Nd3 Rxd3 47. Ne4 f5 48. Nc5 Rdd2 49. Kf3 Rxf2# 0-1


[Site "https://www.chess.com"]

[Event "Titled Tuesday Blitz August 08 Early 2023"]
[White "Tarhan, Adar"]
[Black "Stangl, Anita, Dr."]
[WhiteFideId "34544712"]
[BlackFideId "4608801"]
[WhiteElo "2640"]
[BlackElo "2334"]
[Result "1-0"]
[Round "1"]
[TimeControl "180+1"]
[Date "2023.08.08"]
[WhiteClock "0:00:47"]
[BlackClock "0:01:20"]
[Board "166"]

1. d4 e6 2. c3 d5 3. Bf4 c6 4. Nd2 Bd6 5. Bxd6 Qxd6 6. e4 dxe4 7. Nxe4 Qf4 8. Bd3 Nd7 9. Ne2 Qc7 10. Qd2 Ngf6 11. N2g3 O-O 12. O-O-O c5 13. dxc5 Nxe4 14. Nxe4 Nxc5 15. Nxc5 Qxc5 16. Be4 f5 17. Bf3 e5 18. Qd5+ Qxd5 19. Bxd5+ Kh8 20. Rhe1 Re8 21. Bf7 Rf8 22. Rxe5 g6 23. Re7 a6 24. Rd4 b5 25. Bd5 Rb8 26. Rh4 h5 27. Rd4 f4 28. Be4 Bf5 29. Bxf5 Rxf5 30. Rdd7 Rg5 31. Rh7+ Kg8 32. Rdg7+ Kf8 33. Ra7 Kg8 34. g3 fxg3 35. fxg3 Re8 36. Rhg7+ Kh8 37. Rgb7 Rf5 38. Kc2 Rf2+ 39. Kb3 Rxh2 40. Rh7+ Kg8 41. Rhg7+ Kf8 42. Rxg6 Rg2 43. Rgg7 a5 44. Raf7# 1-0


[Site "https://www.chess.com"]

[Event "Titled Tuesday Blitz August 08 Early 2023"]
[White "Osinovsky, Stepan"]
[Black "Skuhala, Jernej"]
[WhiteFideId "4157354"]
[BlackFideId "14605651"]
[WhiteElo "2333"]
[BlackElo "2639"]
[Result "0-1"]
[Round "1"]
[TimeControl "180+1"]
[Date "2023.08.08"]
[WhiteClock "0:00:00"]
[BlackClock "0:01:13"]
[Board "167"]

1. e4 c6 2. d3 d5 3. Nd2 g6 4. g3 Bg7 5. Bg2 e6 6. Ngf3 Ne7 7. h4 Nd7 8. h5 b6 9. Qe2 Bb7 10. c3 Qc7 11. a4 O-O-O 12. a5 Kb8 13. Nb3 e5 14. Ng5 Rdf8 15. h6 Bf6 16. axb6 axb6 17. Qf3 Bxg5 18. Bxg5 f6 19. Be3 c5 20. Qe2 f5 21. Bg5 Nc8 22. exd5 Re8 23. c4 Nd6 24. Nd2 Rhf8 25. O-O Nf7 26. Qe3 Nxg5 27. Qxg5 f4 28. Rae1 Rf5 29. Qg4 Nf6 30. Qd1 Rh5 31. g4 Rh4 32. g5 Nh5 33. Ne4 Rf8 34. Bf3 Qd7 0-1


[Site "https://www.chess.com"]

[Event "Titled Tuesday Blitz August 08 Early 2023"]
[White "Iskusnyh, Sergei"]
[Black "Lopez Del Alamo, Antonio"]
[WhiteFideId "4120027"]
[BlackFideId "2227339"]
[WhiteElo "2636"]
[BlackElo "2332"]
[Result "0-1"]
[Round "1"]
[TimeControl "180+1"]
[Date "2023.08.08"]
[WhiteClock "0:00:00"]
[BlackClock "0:00:05"]
[Board "168"]

1. d4 Nf6 2. c4 g6 3. g3 Bg7 4. Bg2 O-O 5. Nc3 d6 6. Nf3 c6 7. O-O Qa5 8. e4 e5 9. h3 exd4 10. Nxd4 Nbd7 11. Be3 Ne5 12. Nb3 Qc7 13. Qe2 Be6 14. Nd2 c5 15. Rac1 Nc6 16. Nd5 Bxd5 17. cxd5 Ne5 18. f4 Ned7 19. b4 Rfe8 20. bxc5 Nxc5 21. e5 Nfd7 22. Ne4 Bf8 23. Bxc5 Nxc5 24. Nf6+ Kh8 25. Nxe8 Rxe8 26. exd6 Qd7 27. Qg4 Qxg4 28. hxg4 Bxd6 29. Rfe1 Rd8 30. Rcd1 Kg7 31. g5 h6 32. gxh6+ Kxh6 33. Bf3 Kg7 34. Kg2 b5 35. Re3 a5 36. Be2 b4 37. Bb5 Rb8 38. Bc6 a4 39. Re8 Rb6 40. Rd8 Ne4 41. Re1 f5 42. Rxe4 fxe4 43. Rd7+ Kh6 44. Rxd6 b3 45. axb3 axb3 46. f5 b2 47. Rxg6+ Kh7 48. d6 b1=Q 49. d7 Rb2+ 50. Kh3 Qh1+ 51. Kg4 Qf3+ 52. Kg5 Qxg3+ 53. Kf6 Qd6+ 54. Kf7 Qc7 55. Rg7+ Kh6 56. Rg8 Rb8 57. Re8 Rd8 58. Rxe4 Rxd7+ 59. Bxd7 Qxd7+ 60. Kf6 Qd6+ 61. Re6 Qd4+ 62. Ke7+ Kh5 63. f6 Qa7+ 0-1


[Site "https://www.chess.com"]

[Event "Titled Tuesday Blitz August 08 Early 2023"]
[White "Spichkin, Alexander"]
[Black "benny_aizenberg"]
[WhiteFideId "4144074"]
[WhiteElo "2330"]
[BlackElo "2636"]
[Result "0-1"]
[Round "1"]
[TimeControl "180+1"]
[Date "2023.08.08"]
[WhiteClock "0:01:04"]
[BlackClock "0:00:51"]
[Board "169"]

1. f4 Nh6 2. Nf3 d5 3. d3 d4 4. e3 dxe3 5. Bxe3 Nf5 6. Qd2 g6 7. Nc3 Bg7 8. Be2 O-O 9. O-O Nxe3 10. Qxe3 Nc6 11. Kh1 Bf5 12. Ne5 Qd6 13. Qf3 Nxe5 14. fxe5 Qxe5 15. Rae1 c6 16. Bd1 Qc7 17. d4 Bxd4 18. Ne2 Bg7 19. Ng3 Be6 20. c4 Bxc4 21. Rf2 Bd5 22. Qg4 e5 23. Qh4 f5 24. Ne2 Rae8 25. Nc3 e4 26. Nxd5 cxd5 27. Bb3 Qa5 28. Rd1 Kh8 29. Rfd2 d4 30. Rc2 d3 31. Rf2 Rc8 32. Qe7 Qc7 33. Qe6 Qb6 34. Qxb6 axb6 35. g3 Bd4 36. Rfd2 Be3 37. Rg2 Rc1 38. Rgg1 Rfc8 39. Rge1 Rxd1 40. Bxd1 Rc1 41. Kg2 Bd2 42. Rf1 e3 43. g4 e2 44. Bxe2 dxe2 45. Rxc1 Bxc1 46. Kf2 fxg4 47. Kxe2 Bxb2 48. Ke3 Be5 0-1


[Site "https://www.chess.com"]

[Event "Titled Tuesday Blitz August 08 Early 2023"]
[White "Jeet, Jain"]
[Black "Rodriguez Santiago, Jaime"]
[WhiteFideId "5073022"]
[BlackFideId "3100898"]
[WhiteElo "2635"]
[BlackElo "2330"]
[Result "1-0"]
[Round "1"]
[TimeControl "180+1"]
[Date "2023.08.08"]
[WhiteClock "0:00:23"]
[BlackClock "0:00:02"]
[Board "170"]

1. Nf3 Nf6 2. d4 d5 3. e3 c5 4. c3 Nc6 5. Bd3 cxd4 6. exd4 e6 7. O-O Bd6 8. Bg5 h6 9. Bh4 Qc7 10. Nbd2 Nh5 11. Re1 Nf4 12. Bc2 g5 13. Bg3 Ne7 14. Ne5 Bxe5 15. Rxe5 Bd7 16. Qf3 O-O-O 17. Bxf4 gxf4 18. Qxf4 Be8 19. Qf3 Rg8 20. Nf1 Nc6 21. Re2 Kb8 22. a4 e5 23. dxe5 Nxe5 24. Qf4 f6 25. Qxf6 Ng4 26. Qe7 Rd7 27. Qe6 Bf7 28. Qf5 d4 29. h3 Bc4 30. Ree1 Bxf1 31. hxg4 Bc4 32. cxd4 Bd5 33. Be4 Bxe4 34. Rxe4 Rf7 35. Qe5 Rg5 36. Qxc7+ Kxc7 37. Rae1 Kd7 38. b3 a5 39. f3 Rd5 40. Re5 Kd6 41. Re6+ Kd7 42. Rxh6 b5 43. Ra6 bxa4 44. bxa4 Rf4 45. Rb1 Rfxd4 46. Rb7+ Kc8 47. Rh7 Rd1+ 48. Kh2 Kb8 49. Rah6 Rd8 50. Rb6+ Ka8 51. Ra6+ Kb8 52. Rxa5 R1d4 53. Rb5+ Ka8 54. Ra5+ Kb8 55. Rah5 Ka8 56. Rh8 Kb8 57. Rxd8+ Rxd8 58. Re5 Rd4 59. g5 Rxa4 60. g6 Ra6 61. g7 Rh6+ 62. Kg1 1-0


[Site "https://www.chess.com"]

[Event "Titled Tuesday Blitz August 08 Early 2023"]
[White "rikchessmx"]
[Black "Saya, Ethan"]
[BlackFideId "26095181"]
[WhiteElo "2330"]
[BlackElo "2633"]
[Result "0-1"]
[Round "1"]
[TimeControl "180+1"]
[Date "2023.08.08"]
[WhiteClock "0:00:12"]
[BlackClock "0:00:54"]
[Board "171"]

1. e3 e5 2. c4 Nf6 3. Nc3 c6 4. d4 exd4 5. exd4 d5 6. c5 b6 7. cxb6 axb6 8. h3 Bd6 9. Nf3 O-O 10. Be2 h6 11. O-O Re8 12. Re1 Bf5 13. Be3 Nbd7 14. Bd3 Bxd3 15. Qxd3 Ne4 16. Nd2 Ndf6 17. Ndxe4 Nxe4 18. Nxe4 Rxe4 19. Qc3 Qd7 20. Rec1 Re6 21. Kf1 Rc8 22. Qb3 Qb7 23. Rc2 Re7 24. Rac1 Rec7 25. a4 Qa6+ 26. Kg1 b5 27. axb5 Qxb5 28. Qa4 Qxa4 0-1


[Site "https://www.chess.com"]

[Event "Titled Tuesday Blitz August 08 Early 2023"]
[White "Lenaerts, Lennert"]
[Black "MarijaKuznecova"]
[WhiteFideId "211435"]
[WhiteElo "2633"]
[BlackElo "2328"]
[Result "0-1"]
[Round "1"]
[TimeControl "180+1"]
[Date "2023.08.08"]
[WhiteClock "0:00:12"]
[BlackClock "0:00:34"]
[Board "172"]

1. d4 Nf6 2. c4 c5 3. d5 b5 4. cxb5 a6 5. bxa6 g6 6. Nc3 Bg7 7. e4 O-O 8. a7 Rxa7 9. Nf3 d6 10. Be2 Qa5 11. O-O Ba6 12. Bd2 Bxe2 13. Qxe2 Qa6 14. Nb5 Rb7 15. a4 Nbd7 16. b3 Ng4 17. Rab1 Nb6 18. Rfc1 Rc8 19. h3 Ne5 20. Nxe5 Bxe5 21. f4 Bg7 22. Bc3 c4 23. Bxg7 Kxg7 24. bxc4 Nxa4 25. Ra1 Qb6+ 26. Kh2 Nc5 27. e5 Nb3 28. exd6 Nxc1 29. Rxc1 exd6 30. f5 Qd8 31. Qb2+ Kg8 32. fxg6 hxg6 33. Re1 Rxc4 34. Qe2 Rc8 35. Nd4 Qf6 36. Nc6 Rb2 37. Qg4 Ra8 38. Re3 Raa2 39. Rg3 Kg7 40. h4 Ra8 41. Rf3 Ra4 42. Rxf6 Rxg4 43. Rxd6 Rxh4+ 44. Kg3 Rc4 45. Rd7 Rc3+ 46. Kh2 Rcc2 47. Ne5 Rxg2+ 48. Kh3 Rgf2 49. d6 Rbd2 50. Re7 Rxd6 51. Ng4 Rf3+ 52. Kg2 Rfd3 53. Nf2 R3d5 54. Re4 Rg5+ 55. Kf3 Rf6+ 56. Ke3 Rg3+ 57. Ke2 Rg2 0-1


[Site "https://www.chess.com"]

[Event "Titled Tuesday Blitz August 08 Early 2023"]
[White "GaiozNigalidze"]
[Black "Radzhabov, Rodion"]
[BlackFideId "884715"]
[WhiteElo "2327"]
[BlackElo "2632"]
[Result "0-1"]
[Round "1"]
[TimeControl "180+1"]
[Date "2023.08.08"]
[WhiteClock "0:00:21"]
[BlackClock "0:00:07"]
[Board "173"]

1. d4 Nf6 2. c4 e6 3. Nf3 Bb4+ 4. Bd2 Qe7 5. Nc3 Bxc3 6. Bxc3 Ne4 7. Qd3 Nxc3 8. Qxc3 O-O 9. e4 d6 10. Be2 c5 11. O-O Nc6 12. Rfd1 e5 13. d5 Nd4 14. Nxd4 exd4 15. Qd3 f5 16. Bf3 a5 17. Re1 f4 18. a3 Bd7 19. Rab1 a4 20. h3 b5 21. e5 dxe5 22. d6 Qxd6 23. Bxa8 Rxa8 24. cxb5 Rf8 25. Qe4 Bf5 26. Qb7 Bxb1 27. Rxb1 f3 28. g3 d3 29. Rd1 c4 30. Qe4 Qd4 31. Qc6 e4 32. b6 e3 33. Qe6+ Kh8 34. Qxe3 Qxe3 35. fxe3 Rb8 36. Kf2 Rxb6 37. Rc1 Rxb2+ 38. Kxf3 Rc2 39. Rb1 h5 40. e4 d2 41. Ke2 c3 42. e5 Rc1 43. e6 Rxb1 44. e7 Re1+ 45. Kf2 Rxe7 46. Kf3 d1=Q+ 47. Kf4 Qd4+ 0-1


[Site "https://www.chess.com"]

[Event "Titled Tuesday Blitz August 08 Early 2023"]
[White "Tologon tegin, Semetei"]
[Black "Valle Maytin, Luis Enrique"]
[WhiteFideId "13800574"]
[BlackFideId "3503666"]
[WhiteElo "2632"]
[BlackElo "2324"]
[Result "1-0"]
[Round "1"]
[TimeControl "180+1"]
[Date "2023.08.08"]
[WhiteClock "0:00:06"]
[BlackClock "0:00:00"]
[Board "174"]

1. e4 c6 2. Nf3 d5 3. Nc3 dxe4 4. Nxe4 Nf6 5. Nxf6+ exf6 6. d4 Bg4 7. Be2 Bd6 8. Be3 O-O 9. Qd2 Re8 10. h3 Bh5 11. g4 Bg6 12. h4 Nd7 13. g5 fxg5 14. Nxg5 Nf6 15. h5 Bf5 16. Rg1 Qe7 17. O-O-O Bf4 18. Bc4 Bxe3 19. fxe3 Nd5 20. e4 Bxe4 21. Rde1 f5 22. Nxe4 fxe4 23. Rg4 e3 24. Qg2 Kh8 25. Bxd5 cxd5 26. Qxd5 Rad8 27. Qf3 e2 28. c3 Qe3+ 29. Qxe3 Rxe3 30. Kd2 Rde8 31. Rg2 Kg8 32. Rgxe2 Rxe2+ 33. Rxe2 Rf8 34. Kd3 Rf3+ 35. Kc4 Kf7 36. Re5 Kf6 37. b4 Rf2 38. a4 g5 39. hxg6 hxg6 40. Re8 Kf7 41. Rb8 g5 42. Rxb7+ Kf6 43. Rxa7 g4 44. Ra6+ Kf7 45. Rh6 g3 46. Rh1 g2 47. Rg1 Ke6 48. a5 Kd6 49. b5 Ra2 50. a6 Kc7 51. Kc5 Rc2 52. c4 Rf2 53. d5 Rc2 54. b6+ Kb8 55. Kb5 Rb2+ 56. Kc6 Rc2 57. c5 Rf2 58. d6 Re2 59. Rd1 Re6 60. Kb5 Kc8 61. a7 Kb7 62. c6+ Ka8 63. Ka6 1-0


[Site "https://www.chess.com"]

[Event "Titled Tuesday Blitz August 08 Early 2023"]
[White "Kaminski, Victor"]
[Black "Popilski, Gil"]
[WhiteFideId "1131630"]
[BlackFideId "2809060"]
[WhiteElo "2324"]
[BlackElo "2632"]
[Result "0-1"]
[Round "1"]
[TimeControl "180+1"]
[Date "2023.08.08"]
[WhiteClock "0:00:00"]
[BlackClock "0:00:19"]
[Board "175"]

1. e4 c5 2. Nf3 d6 3. Bb5+ Nc6 4. O-O Bg4 5. c3 Nf6 6. Re1 a6 7. Bf1 e6 8. h3 Bh5 9. d3 Be7 10. Nbd2 O-O 11. g3 Ne5 12. Qe2 Nfd7 13. Bg2 b5 14. a4 Rc8 15. axb5 axb5 16. g4 Bg6 17. Nxe5 dxe5 18. Nf3 c4 19. dxc4 bxc4 20. Rd1 Qc7 21. h4 h5 22. Ng5 hxg4 23. Qxg4 Nf6 24. Qe2 Bc5 25. Bf3 Rfd8 26. Bd2 Rd3 27. b4 Bb6 28. Be1 Rcd8 29. Rxd3 cxd3 30. Qa2 Bh5 31. Bxh5 Nxh5 32. Bd2 Nf4 33. Bxf4 exf4 34. Nxe6 fxe6 35. Qxe6+ Kh8 36. c4 d2 37. Rd1 Be3 38. fxe3 fxe3 39. Qg4 Qxc4 40. Qh5+ Kg8 41. Qg5 Qd4 42. Qg4 e2+ 43. Kh2 e1=Q 44. Qe6+ Kh8 0-1


[Site "https://www.chess.com"]

[Event "Titled Tuesday Blitz August 08 Early 2023"]
[White "Weishaeutel, Moritz"]
[Black "Dong Khanh Linh"]
[WhiteFideId "12967300"]
[BlackFideId "12403040"]
[WhiteElo "2630"]
[BlackElo "2323"]
[Result "1-0"]
[Round "1"]
[TimeControl "180+1"]
[Date "2023.08.08"]
[WhiteClock "0:00:41"]
[BlackClock "0:00:06"]
[Board "176"]

1. e4 e6 2. d4 d5 3. exd5 exd5 4. Nf3 Nc6 5. Nc3 Bg4 6. Bb5 Bb4 7. O-O Ne7 8. h3 Bh5 9. a3 Bd6 10. Re1 O-O 11. Bg5 f6 12. Be3 a6 13. Be2 Nf5 14. Nxd5 Kh8 15. c3 Bxa3 16. Nxc7 Bxb2 17. Nxa8 Nxe3 18. fxe3 Bxc3 19. Qb3 Bxe1 20. Qxb7 Qxa8 21. Qxa8 Rxa8 22. Rxe1 a5 23. Ra1 Nb4 24. Kf2 a4 25. Nd2 Bg6 26. Nc4 Nc2 27. Ra2 Nb4 28. Rb2 a3 29. Nxa3 Nd3+ 30. Bxd3 Bxd3 31. Nc2 g5 32. Ne1 Be4 33. Rd2 Kg7 34. Nd3 Ra3 35. Nc5 Bd5 36. e4 Bc4 37. d5 Kf7 38. d6 Ra8 39. d7 Ke7 40. Nb7 1-0


[Site "https://www.chess.com"]

[Event "Titled Tuesday Blitz August 08 Early 2023"]
[White "Vasques, Antonio Pedro Freixial"]
[Black "Sharavdorj, Dashzegve"]
[WhiteFideId "1908332"]
[BlackFideId "4900340"]
[WhiteElo "2323"]
[BlackElo "2628"]
[Result "0-1"]
[Round "1"]
[TimeControl "180+1"]
[Date "2023.08.08"]
[WhiteClock "0:00:00"]
[BlackClock "0:02:09"]
[Board "177"]

1. e4 c5 2. Nc3 e6 3. Nf3 a6 4. d4 cxd4 5. Nxd4 Nc6 6. Nxc6 bxc6 7. Bd3 d5 8. O-O Nf6 9. e5 Nd7 10. f4 g6 11. b3 Bg7 12. Ba3 Qa5 13. Na4 c5 14. c4 d4 15. Be4 Rb8 16. Qe1 Qc7 17. Nb2 O-O 18. Nd3 a5 19. g4 Bb7 20. Qe2 a4 21. bxa4 Bxe4 22. Qxe4 Ra8 23. Nb2 Nb6 24. Qc2 Ra5 25. Rf3 Rfa8 26. Rb3 Nxa4 27. Rb5 Nc3 0-1


[Site "https://www.chess.com"]

[Event "Titled Tuesday Blitz August 08 Early 2023"]
[White "Tregubov, Pavel V."]
[Black "Villuendas Valero, Adrian"]
[WhiteFideId "4115341"]
[BlackFideId "2262460"]
[WhiteElo "2628"]
[BlackElo "2322"]
[Result "1/2-1/2"]
[Round "1"]
[TimeControl "180+1"]
[Date "2023.08.08"]
[WhiteClock "0:00:14"]
[BlackClock "0:00:19"]
[Board "178"]

1. e4 d6 2. d4 Nf6 3. Nc3 e5 4. Nf3 Nbd7 5. Bc4 Be7 6. O-O O-O 7. Re1 c6 8. a4 h6 9. Ba2 Qc7 10. Nh4 Re8 11. Nf5 Nf8 12. Nxe7+ Qxe7 13. Qd3 Be6 14. d5 cxd5 15. Nxd5 Nxd5 16. Bxd5 Bxd5 17. Qxd5 Ne6 18. Be3 Rac8 19. c3 a6 20. Red1 Red8 21. Rd2 Rc6 22. Rad1 Rdc8 23. a5 Nc7 24. Qd3 Nb5 25. g3 Rc4 26. Bb6 Qd7 27. Qd5 Qc6 28. f3 Kf8 29. Kg2 Ke7 30. Rd3 Qxd5 31. Rxd5 Ke6 32. R5d3 R8c6 33. g4 Rc8 34. h4 g6 35. Kf2 R8c6 36. h5 g5 37. Ke3 Rc8 38. Kd2 Ke7 39. Rc1 R4c6 40. b3 Nc7 41. Ke3 Ne6 42. c4 Nf4 43. Rd2 Ne6 44. Rcd1 Nf4 45. Rc2 Ne6 46. Rdc1 Nf4 47. Rd2 Ne6 48. Rcd1 Nf4 49. Rc1 1/2-1/2


[Site "https://www.chess.com"]

[Event "Titled Tuesday Blitz August 08 Early 2023"]
[White "Pavlidou, Ekaterini"]
[Black "HamedWafa4"]
[WhiteFideId "4213262"]
[WhiteElo "2322"]
[BlackElo "2626"]
[Result "0-1"]
[Round "1"]
[TimeControl "180+1"]
[Date "2023.08.08"]
[WhiteClock "0:02:15"]
[BlackClock "0:01:03"]
[Board "179"]

1. d4 Nf6 2. c4 b6 3. Nc3 Bb7 4. f3 e6 5. e4 Bb4 6. Qb3 a5 7. a3 Bxc3+ 8. Qxc3 a4 9. Bd3 d6 10. Ne2 Nbd7 11. O-O O-O 12. Be3 e5 13. d5 Nc5 14. Bc2 Nh5 15. Qd2 g6 16. g4 Ng7 17. Rf2 Bc8 18. Rg2 Kh8 19. Rf1 f5 20. gxf5 gxf5 21. Bg5 Qe8 22. Bh6 Rg8 23. Qg5 Qf7 24. exf5 Ne8 25. Qxg8+ Qxg8 26. Rxg8+ Kxg8 27. Ng3 Kf7 28. Kf2 Ba6 29. Be4 Bxc4 30. Rc1 Bb5 31. Nh5 Rc8 32. h4 c6 33. dxc6 Bxc6 34. Bxc6 Rxc6 35. Be3 Nd3+ 36. Ke2 Nxc1+ 0-1


[Site "https://www.chess.com"]

[Event "Titled Tuesday Blitz August 08 Early 2023"]
[White "Lewicki, Miroslaw"]
[Black "Ncatt"]
[WhiteFideId "1113380"]
[WhiteElo "2625"]
[BlackElo "2320"]
[Result "1/2-1/2"]
[Round "1"]
[TimeControl "180+1"]
[Date "2023.08.08"]
[WhiteClock "0:00:07"]
[BlackClock "0:00:39"]
[Board "180"]

1. g3 d5 2. Bg2 Nf6 3. Nf3 Bf5 4. O-O e6 5. d3 Nbd7 6. Nbd2 h6 7. b3 Bd6 8. Bb2 O-O 9. Re1 Bh7 10. e4 dxe4 11. dxe4 e5 12. Nc4 Nxe4 13. Nfxe5 Nxe5 14. Bxe4 Nxc4 15. Bxh7+ Kxh7 16. Qd3+ Kg8 17. Qxc4 Qg5 18. Rad1 Rae8 19. Qd4 b6 20. Kg2 Bc5 21. Qc3 f6 22. Rxe8 Rxe8 23. Rd7 Qf5 24. Qd2 Qe4+ 25. Kh3 Qf5+ 26. Kh4 Bxf2 27. Qd5+ Qxd5 28. Rxd5 Re2 29. Kh5 Rxc2 30. Kg6 Kf8 31. Ba3+ c5 32. Rd7 Rxa2 33. Bc1 Bd4 34. Rxg7 Rxh2 35. Bxh6 Ke8 36. Rxa7 Rb2 37. Kf5 Rxb3 38. Ke6 Kd8 39. Rh7 Kc8 40. Bf4 Be5 41. Bxe5 fxe5 42. g4 Rg3 43. Kf5 e4 44. Kf4 Rg1 45. g5 e3 46. Kxe3 Rxg5 47. Kd3 Rd5+ 48. Kc4 Rd6 49. Kb5 Kb8 50. Rg7 Kc8 51. Rh7 Rd7 52. Rh6 Rb7 53. Rh8+ Kc7 54. Rh7+ Kb8 55. Rh8+ Ka7 56. Rg8 Rc7 57. Rg4 Kb7 58. Rh4 Rd7 59. Rg4 Rd4 60. Rg7+ Kc8 61. Kxb6 c4 62. Rc7+ Kd8 63. Rc5 Kd7 64. Kb5 Kd6 65. Rc8 Kd5 66. Kb4 Re4 67. Rd8+ Ke5 68. Kc3 Kf4 69. Rf8+ Ke3 70. Rh8 Rf4 71. Rh3+ Ke4 72. Kxc4 Kf5+ 73. Kc5 Kg4 74. Rh7 Rf5+ 75. Kd4 Kg5 76. Ke4 Rf4+ 77. Ke5 Rf5+ 78. Ke4 Rf4+ 79. Ke5 Rf5+ 80. Ke4 1/2-1/2


[Site "https://www.chess.com"]